 Dungeon Crawl Stone Soup version 0.29.0-4-gdea44cf6ec (webtiles) character file.

Game seed: 3788597338600496097

18 qw the Chopper (level 2, 0/24 HPs)
             Began as a Barachi Chaos Knight on Sept 6, 2022.
             Slain by an iron imp (8 damage)
             ... summoned by Xom
             ... on level 1 of the Dungeon.
             The game lasted 00:00:17 (489 turns).

qw the Chopper (Barachi Chaos Knight)                Turns: 489, Time: 00:00:17

Health: 0/24       AC:  1    Str: 11 (13) XL:     2   Next: 70%
Magic:  2/2        EV: 11    Int: 12      God:
Gold:   32         SH:  0    Dex: 11      Spells: 1/1 levels left

rFire   . . .      SeeInvis .   a - +0 hand axe (chaos)
rCold   . . .      Faith    .   (no shield)
rNeg    . . .      Spirit   .   b - +2 leather armour
rPois   .          Reflect  .   (no helmet)
rElec   .          Harm     .   (no cloak)
rCorr   .          Rampage  .   (no gloves)
Will    .....                   (no boots)
Stlth   +.........              (no amulet)
HPRegen 0.08/turn               (no ring)
MPRegen 0.08/turn               (no ring)

@: corroded, slow
A: amphibious, slowness 1, strong legs 1, +LOS
a: Hop


You were on level 1 of the Dungeon.
You visited 1 branch of the dungeon, and saw 1 of its levels.

You collected 32 gold pieces.


Innate Abilities, Weirdness & Mutations

You are amphibious.
You cover ground slowly.
You can hop short distances.
You have an extended range of vision and can be seen from far away.


   Skills:
 - Level 3.6 Fighting
 + Level 4.3 Axes
 - Level 2.4 Armour
 - Level 1.1 Dodging


You had one spell level left.
You didn't know any spells.
Your spell library was empty.

Inventory:

Hand Weapons
 a - a +0 hand axe of chaos (weapon)
 d - a +0 club
Armour
 b - a +2 leather armour (worn)
Scrolls
 g - a scroll of fog {unknown}
 h - 2 scrolls of identify {unknown}
 j - a scroll of noise {unknown}
Potions
 e - a potion of mutation {unknown}
 f - a potion of might {unknown}
 i - a potion of curing {unknown}
 k - a potion of magic {unknown}
Miscellaneous
 c - a piece from Xom's chessboard (15/15)

Dungeon Overview and Level Annotations

Branches:
Dungeon (1/15)

Altars:


Message History

You open the door.
An endoplasm comes into view.
Found 13 gold pieces.
The endoplasm quivers.
You hit the endoplasm. You burn the endoplasm.
You kill the endoplasm!
Found 7 stones.
You now have 32 gold pieces (gained 13).
Found a stone staircase leading down.
Enter note:
There is a stone staircase leading down here. "Fight to survive, mortal."
A smoke demon comes into view.
You hit the rust devil but do no damage.
You barely miss the white imp. You hit the iron imp but do no damage.
You hit the rust devil but do no damage.
You hit the white imp.
The white imp's magic leaks into the air.
You hit the iron imp but do no damage.
The iron imp resists with some effort.
The white imp's magic is no longer disrupted.
The rust devil hits you. The rust devil corrodes you!
The white imp gestures at you. The puff of frost hits you!
You closely miss the white imp.
The white imp is lightly wounded.
You closely miss the rust devil. You hit the iron imp but do no damage.
The iron imp barely misses you. The rust devil barely misses you.
The white imp hits you. The white imp freezes you.
You barely miss the white imp.
The white imp is lightly wounded.
You barely miss the rust devil. You hit the iron imp but do no damage.
The iron imp closely misses you.
The crimson imp blinks!
The rust devil barely misses you. The white imp barely misses you.
You hit the white imp but do no damage.
The white imp is lightly wounded.
You closely miss the rust devil. You hit the iron imp.
Space warps horribly around the iron imp.
The iron imp hits you!
You die... "Huh?
Did I miss anything?"

............>....#.#####.#
......####.#.#.#..........
......####...#.5...#####.#
...............#.###
......).....##.#.#
.###........##.#.#
.###........##.#ยค#
.##........###3#4#
##.........# #55@#
#.#.......# ###5#
##.#.......# ###
...#.......# .#......####
.#..##..... .#..##.....
.#...#...... .....# +####


You could see a rust devil (summoned), a smoke demon (summoned), an iron imp
(summoned), a crimson imp (summoned), a white imp (summoned) and a shadow imp
(summoned).

Vanquished Creatures
  2 ball pythons (D:1)
  2 bats (D:1)
  2 endoplasms (D:1)
  A giant cockroach (D:1)
  2 goblins (D:1)
  3 hobgoblins (D:1)
  A jackal (D:1)
  A frilled lizard (D:1)
  A rat (D:1)
15 creatures vanquished.

Notes
Turn   | Place    | Note
-------+----------+-------------------------------------------
     0 | D:1      | qw the Barachi Chaos Knight began the quest for the Orb.
     0 | D:1      | Reached XP level 1. HP: 18/18 MP: 1/1
     0 | D:1      | 0 ||| qw: Version: 0.1-a-108-g9e35731
     0 | D:1      | 0 ||| qw: Game counter: 6278
     0 | D:1      | 0 ||| qw: Always use a shield: true
     0 | D:1      | 0 ||| qw: God list: Okawaru
     0 | D:1      | 0 ||| qw: Allow faded altars: false
     0 | D:1      | 0 ||| qw: Do Orc after D:15 true
     0 | D:1      | 0 ||| qw: Do second Lair branch before Depths: true
     0 | D:1      | 0 ||| qw: Lair rune preference: random
     0 | D:1      | 0 ||| qw: Plans: Normal
     0 | D:1      | 0 ||| PLANNING D:1-11
     0 | D:1      | Fell from the grace of Xom
   140 | D:1      | XOM: stat loss: -2 Str (11/13)
   193 | D:1      | Reached XP level 2. HP: 24/24 MP: 2/2
   270 | D:1      | Reached skill level 4 in Axes
   322 | D:1      | 322 ||| Stepping ~*~*~tactically~*~*~ (stealth).
   484 | D:1      | XOM: summons 6 hostile demons
   485 | D:1      | Noticed a smoke demon
   485 | D:1      | Noticed a rust devil
   485 | D:1      | Noticed a crimson imp
   489 | D:1      | Slain by an iron imp

Levels and vault maps discovered:
D:1:      lightli_arrival_flooded_house, layout_basic, chequers_avenue,
          st_stairs_13

Skill      XL: |  1  2 |
---------------+-------+-----
Axes           | 4 |  4.3
Fighting       | |  3.6
Armour         | |  2.4
Dodging        | |  1.1

Action                   || total
-------------------------++-------
Melee: Hand axe          ||    42
       Punch             ||     1
Invok: Renounce Religion ||     1
Armor: Leather armour    ||     9
Dodge: Dodged            ||    21

Table legend:
 A = Non-vault XP
 B = Vault XP
 C = Vault XP percentage of total XP
 D = Non-vault monster count
 E = Vault monster count
 F = Vault count percentage of total count
                 A         B        C        D         E       F
            +---------+---------+-------+---------+---------+-------
      Total |      23 |       4 |  14.8 |      13 |       2 |  13.3
            +---------+---------+-------+---------+---------+-------
        D:1 |      23 |       4 |  14.8 |      13 |       2 |  13.3
            +---------+---------+-------+---------+---------+-------
